 Dungeon Crawl Stone Soup version 0.25-a0-424-g80bd347ae0 (webtiles) character file.

Game seed: 17790248612881887890, levelgen mode: deterministic

332 kae the Changer (level 6, -3/47 HPs)
             Began as a Draconian Transmuter on Jan 23, 2020.
             Slain by a hobgoblin
             ... wielding a +0 club
             ... led by Robin
              (4 damage)
             ... on level 4 of the Dungeon.
             The game lasted 00:03:58 (4670 turns).

kae the Changer (Draconian Transmuter)              Turns: 4670, Time: 00:03:59

Health: -3/47      AC:  2    Str: 17    XL:     6   Next: 26%
Magic:  7/9        EV: 18    Int: 14    God:
Gold:   180        SH:  0    Dex: 18    Spells: 3/9 levels left

rFire    x . .     SeeInvis .     - Unarmed
rCold    + . .     Gourm    .   (shield currently unavailable)
rNeg     . . .     Faith    .   (armour unavailable)
rPois    x         Spirit   .   (helmet currently unavailable)
rElec    .         Reflect  .   (cloak currently unavailable)
rCorr    .         Harm     .   (gloves currently unavailable)
MR       .....                  (boots currently unavailable)
Stlth    ++........             (no amulet)
HPRegen  0.15/turn              j - ring of ice
MPRegen  0.11/turn              (no ring)

@: mighty, spider-form, drained
A: tiny, unfitting armour, AC +6
a: End Transformation


You were on level 4 of the Dungeon.
You were very hungry.
You were a venomous arachnid creature.
You visited 1 branch of the dungeon, and saw 4 of its levels.

You collected 180 gold pieces.

Inventory:

Missiles
 a - 53 arrows
Jewellery
 j - a ring of ice (left front leg)
Wands
 b - a wand of iceblast (9)
 n - a wand of polymorph (11)
Scrolls
 g - a scroll of amnesia
 k - a scroll of enchant armour
 l - a scroll of remove curse {unknown}
 o - a scroll of immolation {unknown}
 p - a scroll of identify
Potions
 d - a potion of degeneration
 e - 2 potions of mutation
 f - a potion of lignification {unknown}
 h - 2 potions of heal wounds {unknown}
 i - a potion of curing
Comestibles
 c - 7 rations


   Skills:
 - Level 1.1(0.3) Fighting
 - Level 1.7(0.9) Dodging
 - Level 3.0(2.1) Unarmed Combat
 + Level 2.2(1.3) Spellcasting
 + Level 6.6(5.7) Transmutations


You had 3 spell levels left.
You knew the following spells:

 Your Spells              Type           Power        Failure   Level  Hunger
a - Beastly Appendage     Tmut           ###...       10%         1    ##.....
b - Sticks to Snakes      Tmut           ###.....     12%         2    ###....
c - Spider Form           Tmut/Pois      #.........   45%         3    ####...

Your spell library contained the following spells:

 Spells                   Type           Power        Failure   Level  Hunger
 Blade Hands              Tmut           ###.......   77%         5    ######.
 Ice Form                 Ice/Tmut       ##......     80%         4    #####..


Dungeon Overview and Level Annotations

Branches:
Dungeon (4/15)
 Temple: D:4-7

Altars:
Wu Jian

Annotations:
D:4 Blork the orc


Innate Abilities, Weirdness & Mutations

((Your plain brown scales are hard. (AC +6)))
You cannot fit into any form of body armour.
((You are cold-blooded and may be slowed by cold attacks.))


Message History

You bite the goblin!
You kill the goblin!
Robin hits you from afar with a +0 spear.
* * * LOW HITPOINT WARNING * * *
The hobgoblin closely misses you.
The goblin hits you with a cursed -1 dagger.
* * * LOW HITPOINT WARNING * * *
Robin barely misses you. The hobgoblin completely misses you.
You bite Robin!
Robin looks as sick as possible!
Robin is almost dead.
Blork the orc looks satisfied for a moment.
Robin says, "Duck!"
Robin hits you with a +0 spear.
* * * LOW HITPOINT WARNING * * *
You hit Robin.
You kill Robin!
The goblin hits you with a cursed -1 dagger.
* * * LOW HITPOINT WARNING * * *
The hobgoblin hits you with a +0 club.
You die...

......$ #.. ##..#.###
#.# #...g...# #.#
#...o.#.###.#
#gg...#..##.#
##...#.#..##.#
#####...###...##.#
#######.)g.[.## ##.....#
.[...[.s###.g.###.#.####
.......gg###.#.#.##.####
########g###.#.........)
#.o..g..#........
#####........###. #.#
#####.#### #. #.# #.# #.
#.# #.# ###. #.. #.# #.#
#...


You could see Blork the orc, a hobgoblin and 3 goblins.

Vanquished Creatures
  An ogre (D:4)
  A hound (D:4)
  An iguana (D:2)
  2 orc wizards (D:2)
  Robin (D:4)
  6 adders
  A worm (D:2)
  3 dart slugs
  A leopard gecko (D:2)
  9 orcs
  8 bats
  A giant cockroach (D:4)
  8 goblins
  3 hobgoblins
  5 jackals
  8 kobolds
  8 frilled lizards
  5 rats
72 creatures vanquished.

Vanquished Creatures (collateral kills)
  An orc (D:3)
  A hobgoblin (D:3)
  A kobold (D:3)
3 creatures vanquished.

Grand Total: 75 creatures vanquished

Notes
Turn   | Place    | Note
-------+----------+-------------------------------------------
     0 | D:1      | kae the Draconian Transmuter began the quest for the Orb.
     0 | D:1      | Reached XP level 1. HP: 16/16 MP: 3/3
  1083 | D:1      | Reached XP level 2. HP: 23/23 MP: 3/5
  1174 | D:1      | Reached skill level 3 in Transmutations
  1743 | D:2      | Reached XP level 3. HP: 26/28 MP: 4/6
  2061 | D:1      | Learned a level 2 spell: Sticks to Snakes
  2065 | D:1      | Learned a level 3 spell: Spider Form
  2406 | D:2      | Reached skill level 4 in Transmutations
  2431 | D:2      | Reached XP level 4. HP: 21/35 MP: 3/7
  2875 | D:2      | Reached skill level 5 in Transmutations
  3175 | D:3      | Found an ornate altar of the Wu Jian Council.
  3207 | D:3      | Reached XP level 5. HP: 40/40 MP: 6/8
  3574 | D:3      | Found a faded altar of an unknown god.
  4012 | D:4      | Noticed an ogre
  4019 | D:4      | Killed an ogre
  4019 | D:4      | Reached skill level 6 in Transmutations
  4019 | D:4      | Reached XP level 6. HP: 47/47 MP: 5/9
  4648 | D:4      | Noticed Blork the orc
  4648 | D:4      | Noticed Robin
  4670 | D:4      | Killed Robin
  4670 | D:4      | HP: 1/47 [goblin/cursed -1 dagger[Robin] (4)]
  4670 | D:4      | Slain by a hobgoblin

Levels and vault maps discovered:
D:1:      doesnt_arrival_eight_statues, layout_basic
D:2:      layout_rooms
D:3:      layout_basic, nicolae_overflow_crystal_walls,
          chequers_ecumenical_altar_simple_redux, first_ration,
          kennysheep_cross_bottleneck, hangedman_decor_opposing
D:4:      layout_loops_ring, grunt_decor_clamped, uniq_blork_the_orc,
          uniq_robin, uniq_natasha

Skill      XL: |  1  2  3  4  5 |
---------------+----------------+-----
Transmutations | 3 4 5 6 |  6.6
Fighting       | |  1.1
Dodging        | |  1.7
Unarmed Combat | |  3.0
Spellcasting   | |  2.2

Action                   |  1- 3 |  4- 6 || total
-------------------------+-------+-------++-------
Melee: Unarmed           |   129 |   169 ||   298
       Headbutt          |     7 |     2 ||     9
       Tailslap          |     6 |    16 ||    22
       Kick              |     5 |     2 ||     7
       Punch             |       |     2 ||     2
 Cast: Beastly Appendage |    11 |     6 ||    17
       Spider Form       |     3 |     5 ||     8
       Sticks to Snakes  |       |     4 ||     4
  Use: Scroll            |     1 |     7 ||     8
       Potion            |     1 |     1 ||     2
 Stab: Sleeping          |       |     1 ||     1
  Eat: Chunk             |     3 |     6 ||     9
       Ration            |     1 |       ||     1
Armor: Skin              |    35 |    36 ||    71
Dodge: Dodged            |    70 |   112 ||   182

Table legend:
 A = Non-vault XP
 B = Vault XP
 C = Vault XP percentage of total XP
 D = Non-vault monster count
 E = Vault monster count
 F = Vault count percentage of total count
                 A         B        C        D         E       F
            +---------+---------+-------+---------+---------+-------
      Total |     458 |      17 |   3.6 |      73 |       2 |   2.7
            +---------+---------+-------+---------+---------+-------
        D:1 |      23 |       0 |   0.0 |      14 |       0 |   0.0
        D:2 |     170 |       0 |   0.0 |      29 |       0 |   0.0
        D:3 |      56 |       0 |   0.0 |      21 |       0 |   0.0
        D:4 |     209 |      17 |   7.5 |       9 |       2 |  18.2
            +---------+---------+-------+---------+---------+-------
